 Dungeon Crawl Stone Soup version 0.27-a0-1136-g0b992a5a9d (webtiles) character file.

Game seed: 2353067599548048387

1381 OTABOTABOTAB the Cutter (level 8, -4/42 HPs)
             Began as a Vine Stalker Fighter on May 4, 2021.
             Was a Follower of Uskayaw.
             Slain by a two-headed ogre
             ... wielding a +0 giant spiked club
              (7 damage)
             ... on level 9 of the Dungeon.
             The game lasted 00:08:46 (5579 turns).

OTABOTABOTAB the Cutter (Vine Stalker Fighter)      Turns: 5579, Time: 00:08:47

Health: -4/42      AC:  9    Str: 22    XL:     8   Next: 67%
Magic:  0/10       EV:  6    Int:  8    God:    Uskayaw [*.....]
Gold:   324        SH: 12    Dex: 19    Spells: 7/7 levels left

rFire    . . .     SeeInvis .   a - +3 dagger (venom)
rCold    . . .     Faith    .   c - +1 kite shield
rNeg     . . .     Spirit   +   m - +0 chain mail
rPois    .         Reflect  .   (no helmet)
rElec    .         Harm     .   (no cloak)
rCorr    .         Rampage  .   (no gloves)
Will     +....                  (no boots)
Stlth    ..........             (no amulet)
HPRegen  1.14/turn              s - +6 ring of dexterity
MPRegen  0.12/turn              (no ring)

@: no status effects
A: fangs 3, regeneration 1, magic shield, antimagic bite, no potion heal 2
a: Renounce Religion, Stomp


You were on level 9 of the Dungeon.
You worshipped Uskayaw.
Uskayaw was noncommittal.
You visited 2 branches of the dungeon, and saw 8 of its levels.
You also visited: Sewer.

You collected 348 gold pieces.
You spent 24 gold pieces at shops.

Inventory:

Hand Weapons
 a - a +3 dagger of venom (weapon)
   (You took it off a kobold on level 4 of the Dungeon)
 b - a +1 short sword of freezing
   (You took it off a kobold on level 2 of the Dungeon)
Armour
 c - a +1 kite shield (worn)
 m - a +0 chain mail (worn)
   (You found it on level 1 of the Dungeon)
Jewellery
 s - a +6 ring of dexterity (left hand)
   (You found it on level 1 of the Dungeon)
 A - a +4 ring of protection
   (You found it on level 5 of the Dungeon)
Wands
 h - a wand of acid (7)
   (You found it on level 4 of the Dungeon)
 p - a wand of paralysis (12)
   (You found it on level 9 of the Dungeon)
Scrolls
 g - a scroll of enchant weapon
 n - a scroll of enchant armour
 V - 3 scrolls of vulnerability {!r!r}
 Y - 6 scrolls of teleportation {@r3}
Potions
 B - a potion of brilliance
 L - a potion of flight
 P - 2 potions of lignification {!q}
 R - a potion of resistance
 U - a potion of mutation {!q}


   Skills:
 + Level 4.9 Fighting
 + Level 5.8 Short Blades
 + Level 4.4 Armour
 + Level 4.9 Shields
 * Level 2.5 Invocations


You had 7 spell levels left.
You didn't know any spells.
Your spell library contained the following spells:

 Spells                   Type           Power      Damage    Failure   Level
 Animate Skeleton         Necr           0%         N/A       100%        1
 Foxfire                  Conj/Fire      0%         2x1d4     100%        1
 Pain                     Necr           0%         1d4       100%        1
 Summon Small Mammal      Summ           0%         N/A       100%        1
 Call Imp                 Summ           0%         N/A       100%        2
 Poisonous Vapours        Pois/Air       0%         N/A       100%        2
 Call Canine Familiar     Summ           0%         N/A       100%        3
 Conjure Flame            Conj/Fire      0%         6-21      100%        3
 Inner Flame              Hex/Fire       0%         N/A       100%        3
 Mephitic Cloud           Conj/Pois/Air  0%         N/A       100%        3
 Summon Guardian Golem    Hex/Summ       0%         N/A       100%        3
 Vampiric Draining        Necr           0%         2d6       100%        3
 Animate Dead             Necr           0%         N/A       100%        4
 Sticky Flame             Conj/Fire      0%         2d3       100%        4
 Summon Ice Beast         Ice/Summ       0%         N/A       100%        4
 Summon Lightning Spire   Summ/Air       0%         N/A       100%        4
 Agony                    Necr           0%         N/A       100%        5
 Fireball                 Conj/Fire      0%         3d3       100%        5
 Freezing Cloud           Conj/Ice/Air   0%         6-21      100%        6


Dungeon Overview and Level Annotations

Branches:
Dungeon (6/15)             Temple (1/1) D:5           Sewer (visited)

Altars:
Ashenzari
Cheibriados
Dithmenos
Fedhas
Gozag
Kikubaaqudgha
Makhleb
Nemelex Xobeh
Okawaru
Ru
Sif Muna
Trog
Uskayaw
Vehumet
Xom

Shops:
D:3 *


Innate Abilities, Weirdness & Mutations

You have razor-sharp teeth.
Your natural rate of healing is unusually fast.
When hurt, damage is shared between your health and your magic reserves.
Your bite disrupts and absorbs the magic of your enemies.
Potions cannot restore your health.


Message History

The water moccasin bites you but does no damage.
Your shield prevents you from hitting the water moccasin.
You bite the water moccasin. You drain its power.
You feel invigorated. You block the water moccasin's attack.
MP restored: 10 You hit the water moccasin.
Your bite misses the water moccasin. The water moccasin bites you.
The water moccasin barely misses you.
You take 2 damage, and have 38/42 hp.
Unknown command.
You hit the water moccasin. You bite the water moccasin. You drain its power.
The water moccasin bites you.
You can now pass through a line of other dancers.
You now have 9/10 mp.
You hit the water moccasin. Your bite misses the water moccasin.
The water moccasin bites you.
You take 4 damage, and have 35/42 hp.
You puncture the water moccasin!
You kill the water moccasin!
No target in view!
You can no longer pass through a line of other dancers.
You now have 287 gold pieces (gained 19).
Y - 6 scrolls of teleportation {@r3} (gained 1) As you open the door, it creaks loudly!
There is an open door here.
Found a stone staircase leading down.
Health restored: 42; MP restored: 10 You pick up a book of Necromancy and begin reading...
You add the spells Pain, Animate Skeleton, Vampiric Draining, Animate Dead and Agony to your library.
You open the door.
Found a stone staircase leading up.
You fall into a shaft and drop 3 floors!
The shaft crumbles and collapses.
You hear the roar of battle.
There is an entrance to a bailey on this level.
Hurry and find it before the portal closes forever!
Found 18 gold pieces and a scroll of identify.
Found a stone staircase leading up.
You now have 305 gold pieces (gained 18).
A howler monkey zombie comes into view.
The howler monkey zombie hits you but does no damage.
Unknown command.
You hit the howler monkey zombie. You bite the howler monkey zombie.
You drain its power.
You block the howler monkey zombie's attack.
You puncture the howler monkey zombie!
Your bite misses the howler monkey zombie.
You block the howler monkey zombie's attack.
You hit the howler monkey zombie. You bite the howler monkey zombie.
You drain its power. The howler monkey zombie hits you.
You take 3 damage, and have 39/42 hp.
Unknown command.
You puncture the howler monkey zombie!
You destroy the howler monkey zombie!
No target in view!
You now have 324 gold pieces (gained 19).
p - a wand of paralysis (12) Health restored: 42
d - a scroll labelled QAIHYURILI
As you read the scroll labelled QAIHYURILI, it crumbles to dust.
You assume a fearsome visage.
Nothing appears to happen.
It was a scroll of fear.
e - 2 scrolls of identify {@r1} (gained 1)
You hear the faint creaking of a distant portcullis.
Found a stone staircase leading down.
As you read the scroll of identify {@r1}, it crumbles to dust.
k - a potion of mutation;
U - a potion of mutation
As you read the scroll of identify {@r1}, it crumbles to dust.
i - a potion of brilliance;
B - a potion of brilliance
There is a stone staircase leading down here.
You open the door.
Found an escape hatch in the floor.
There is an open door here.
You open the door.
There is an open door here.
You open the door.
You hear the faint creaking of a very distant portcullis.
A two-headed ogre comes into view.
It is wielding a +0 giant spiked club and a +0 giant club.
The two-headed ogre shouts in stereo!
There is an open door here.
You hit the two-headed ogre.
The two-headed ogre is poisoned.
You bite the two-headed ogre, but do no damage.
The two-headed ogre hits you but does no damage.
The two-headed ogre hits you with a +0 giant club!
You take 12 damage, and have 30/42 hp.
MASSIVE DAMAGE!!
You now have 7/10 mp.
You hit the two-headed ogre.
The two-headed ogre looks as sick as possible!
Your bite misses the two-headed ogre.
The two-headed ogre hits you with a +0 giant spiked club!
The two-headed ogre hits you with a +0 giant club!
* * * LOW HITPOINT WARNING * * *
You take 19 damage, and have 11/42 hp.
MASSIVE DAMAGE!!
You now have 3/10 mp.
You regained 2 hp, and now have 15/42 hp.
You hit the two-headed ogre.
The two-headed ogre hits you with a +0 giant spiked club!
* * * LOW HITPOINT WARNING * * *
The two-headed ogre hits you with a +0 giant club!
You die...

###
##############.#
..#............#
#.#.##########.#
...####.#.# #.#
#......@#'#####
#.#
#######.O.....#
#.# +.......# #.#
#.......# #.#
#.......# ###'###
#.......####......
#.......##........
#.......##........
#.......##...#'###


You could see a two-headed ogre (very poisoned).

Vanquished Creatures
  The ghost of HendSelp the Destroyer, a novice DECj (D:5)
  The ghost of HendSelp the Thaumaturge, an amateur DECj of Sif Muna (D:5)
  A water moccasin (D:6)
  A black bear (D:4)
  An ogre (D:4)
  2 scorpions
  2 bullfrogs (Sewer)
  A killer bee (D:4)
  A bullfrog zombie (D:5)
  A centaur zombie (D:5)
  2 hounds (D:5)
  2 jellies
  A centaur skeleton (D:4)
  An iguana (D:4)
  A howler monkey zombie (D:9)
  4 gnolls (D:3)
  9 adders
  3 ufetubi (D:4)
  2 adder skeletons (D:4)
  A worm (D:2)
  A dart slug (D:2)
  3 orcs (D:4)
  4 bats
  5 endoplasms
  10 giant cockroaches
  7 goblins
  6 hobgoblins
  2 jackals (D:2)
  8 kobolds
  13 quokkas
  9 ball pythons
  9 frilled lizards
  A rat (D:2)
116 creatures vanquished.

Notes
Turn   | Place    | Note
-------+----------+-------------------------------------------
     0 | D:1      | OTABOTABOTAB the Vine Stalker Fighter began the quest for
                  | the Orb.
     0 | D:1      | Reached XP level 1. HP: 11/11 MP: 2/2
   238 | D:1      | Reached skill level 2 in Short Blades
   381 | D:1      | Reached XP level 2. HP: 16/16 MP: 3/3
  1522 | D:2      | Reached XP level 3. HP: 19/19 MP: 4/4
  1630 | D:2      | Reached skill level 3 in Fighting
  1630 | D:2      | Reached skill level 3 in Shields
  2750 | D:3      | Gained mutation: Your natural rate of healing is unusually
                  | fast. [Vine Stalker growth]
  2750 | D:3      | Reached XP level 4. HP: 23/24 MP: 5/5
  2757 | D:3      | Found Xuoluene's General Store.
  2764 | D:3      | Bought a scroll of identify for 24 gold pieces
  2781 | D:3      | Found a glowing drain.
  2808 | Sewer    | Entered a sewer
  2937 | Sewer    | Reached skill level 3 in Short Blades
  2968 | Sewer    | Noticed a bullfrog
  2968 | Sewer    | Noticed a bullfrog
  2980 | Sewer    | Killed a bullfrog
  2981 | Sewer    | Reached skill level 3 in Armour
  2981 | Sewer    | Reached XP level 5. HP: 27/28 MP: 6/6
  3074 | Sewer    | Upgraded the game from 0.27-a0-1123-g2f9bb313c0 to
                  | 0.27-a0-1136-g0b992a5a9d
  3088 | Sewer    | Reached XP level 6. HP: 32/32 MP: 7/7
  3457 | D:3      | Found a faded altar of an unknown god.
  3512 | D:3      | Found an opulent altar of Gozag.
  3580 | D:3      | Noticed an ice beast
  3940 | D:4      | Reached skill level 4 in Short Blades
  3956 | D:4      | Noticed a black bear
  3968 | D:4      | Killed a black bear
  3969 | D:4      | Reached XP level 7. HP: 35/37 MP: 5/8
  4032 | D:4      | Reached skill level 4 in Fighting
  4032 | D:4      | Reached skill level 4 in Shields
  4408 | D:4      | Reached skill level 5 in Short Blades
  4424 | D:5      | Entered Level 5 of the Dungeon
  4502 | D:5      | Reached skill level 4 in Armour
  4612 | D:5      | Gained mutation: You have razor-sharp teeth. [Vine Stalker
                  | growth]
  4612 | D:5      | Reached XP level 8. HP: 41/42 MP: 6/9
  4653 | D:5      | Found a runed translucent gate.
  4654 | D:5      | Found a runed translucent gate.
  4655 | D:5      | Found a runed translucent gate.
  4655 | D:5      | Noticed HendSelp's ghost (novice DECj)
  4655 | D:5      | Noticed HendSelp's ghost (amateur DECj)
  4772 | D:5      | Found a sacrificial altar of Ru.
  4803 | D:5      | Found a staircase to the Ecumenical Temple.
  4812 | Temple   | Entered the Ecumenical Temple
  4895 | Temple   | Became a worshipper of Uskayaw the Reveller
  5306 | D:5      | Reached * piety under Uskayaw
  5308 | D:5      | Reached ** piety under Uskayaw
  5308 | D:5      | Trevise: Hi
  5310 | D:5      | Killed HendSelp's ghost
  5311 | D:5      | Reached skill level 1 in Invocations
  5312 | D:5      | Reached *** piety under Uskayaw
  5313 | D:5      | Killed HendSelp's ghost
  5314 | D:5      | Reached skill level 2 in Invocations
  5315 | D:5      | OTABOTABOTAB: hi! :)
  5315 | D:5      | OTABOTABOTAB: hows your morning goin
  5324 | D:5      | Trevise: Fine
  5448 | D:6      | Trevise: Someone sent me 4 sets of 10,000 monitors
  5459 | D:6      | Trevise: Trying to find out why :P
  5459 | D:6      | OTABOTABOTAB: like, 4x $10,000 monitors?
  5459 | D:6      | OTABOTABOTAB: or 50,000 monitors lol
  5459 | D:6      | Trevise: yes
  5459 | D:6      | OTABOTABOTAB: holy shit
  5459 | D:6      | OTABOTABOTAB: those special imagery monitor things?
  5459 | D:6      | Trevise: yeah
  5459 | D:6      | Trevise: Someone messed up
  5459 | D:6      | OTABOTABOTAB: yea i'd say so
  5469 | D:6      | You fall into a shaft and drop 3 floors!
  5571 | D:9      | Noticed a two-headed ogre
  5579 | D:9      | HP: 3/42 [two-headed ogre/+0 giant spiked club (14)]
  5579 | D:9      | Slain by a two-headed ogre

Illustrated notes

Levels and vault maps discovered:
D:1:      dpeg_arrival_tiny_d, layout_basic, minmay_pentomino_t2
D:2:      layout_basic
D:3:      layout_loops_ring, overflow_temple_1_default, portal_sewer_entry_f,
          hellmonk_ecumenical_altar_inner_sanctum, serial_shops, shop,
          hangedman_decor_diamond_cutter, lightli_corner_chamber
D:4:      cheibrodos_barr_body, layout_gridville
D:5:      layout_basic, nicolae_ru_the_path_less_chosen, temple_statues,
          gammafunk_ghost_cemetery
D:6:      layout_gridville
D:9:      layout_basic, gammafunk_temple_overflow_pools, enter_bailey_5,
          serial_glass, glass_columns_b, glass_columns_b
Temple:   dpeg_five_rooms_temple

Skill      XL: |  1  2  3  4  5  6  7  8 |
---------------+-------------------------+-----
Short Blades   | 2 3 4 5 |  5.8
Fighting       | 3 4 |  4.9
Shields        | 3 4 |  4.9
Armour         | 3 4 |  4.4
Invocations    | 2 |  2.5

Action                   |  1- 3 |  4- 6 |  7- 9 || total
-------------------------+-------+-------+-------++-------
Melee: Rapier            |    66 |       |       ||    66
       Bite              |    29 |    41 |    53 ||   123
       Short sword       |    21 |    80 |       ||   101
       Dagger            |       |    65 |   113 ||   178
  Use: Scroll            |       |     1 |    17 ||    18
       Potion            |       |       |     1 ||     1
 Stab: Paralysed         |       |       |     1 ||     1
Armor: Scale mail        |     6 |       |       ||     6
       Chain mail        |    25 |    77 |    42 ||   144
Dodge: Dodged            |    18 |    30 |    13 ||    61
Block: Kite shield       |    38 |    90 |    68 ||   196

Table legend: (Time is in decaauts)
 A = Elapsed time spent in this place.
 B = Non-inter-level travel time spent in this place.
 C = Inter-level travel time spent in this place.
 D = Time resting spent in this place.
 E = Time spent auto-exploring this place.
 F = Levels seen in this place.
 G = Mean time per level.
                   A        B        C        D        E       F      G
               +--------+--------+--------+--------+--------+-----+--------+
         Total |   5707 |   5333 |    374 |    200 |   4307 |   9 |  634.1 |
       Dungeon |   4992 |   4687 |    305 |    200 |   3813 |   7 |  713.1 |
        Temple |    190 |    121 |     69 |      0 |    112 |   1 |  190.0 |
         Sewer |    524 |    524 |      0 |      0 |    382 |   1 |  524.0 |
               +--------+--------+--------+--------+--------+-----+--------+

Top non-repeatable levels by time:
     D:1: 1291 daAuts
     D:2: 1157 daAuts
     D:3: 816 daAuts
     D:5: 781 daAuts
     D:4: 765 daAuts
   Sewer: 524 daAuts
  Temple: 190 daAuts
     D:9: 109 daAuts
     D:6: 70 daAuts

Table legend:
 A = Kills in this place as a percentage of kills in entire the game.
 B = Kills by you in this place as a percentage of kills by you in the entire game.
 C = Kills by friends in this place as a percentage of kills by friends in the entire game.
 D = Other kills in this place as a percentage of other kills in the entire game.
 E = Experience gained in this place as a percentage of experience gained in the entire game.
 F = Experience gained in this place divided by the number of levels of this place that you have seen.
                   A       B       C       D       E      F
               +-------+-------+-------+-------+-------+----------------------
         Total | 100.0 | 100.0 |   N/A |   N/A | 100.0 | 219.2
       Dungeon |  84.5 |  84.5 |   N/A |   N/A |  88.4 | 249.1
         Sewer |  15.5 |  15.5 |   N/A |   N/A |  11.6 | 229.0
               +-------+-------+-------+-------+-------+----------------------
